TOP OF THE 1ST |
Bellevue Bruins batting - Pitching for Myrtle Beach Seahawks : LHP Gary Barber
|
Pitching: LHP Gary Barber
|
|
Batting: LHB Orlando López
|
0-0: Ball 1-0: Foul Ball, location: 2F 1-1: Foul Ball, location: 2F 1-2: Foul Ball, location: 2F 1-2: Strikes out swinging
|
Batting: RHB Leo Shoemaker
|
0-0: Called Strike 0-1: Fly out, F4 (Popup, 34)
|
Batting: RHB Jesús Vargas
|
0-0: Foul Ball, location: 2F 0-1: Ball 1-1: Foul Ball, location: 2F 1-2: Strikes out swinging
|
Top of the 1st over - 0 run(s), 0 hit(s), 0 error(s), 0 left on base; Bellevue 0 - Myrtle Beach 0 |
BOTTOM OF THE 1ST |
Myrtle Beach Seahawks batting - Pitching for Bellevue Bruins : RHP Juan Guillén
|
Pitching: RHP Juan Guillén
|
|
Batting: RHB Fernando Pérez
|
0-0: Called Strike 0-1: Foul Ball, location: 2F 0-2: Ball 1-2: Foul Ball, location: 2F 1-2: Strikes out swinging
|
Batting: RHB José Sosa
|
0-0: Called Strike 0-1: Ball 1-1: Ground out 6-3 (Groundball, 6)
|
Batting: SHB Jorge Barrios
|
0-0: Called Strike 0-1: Called Strike 0-2: Foul Ball, location: 2F 0-2: Ground out 4-3 (Groundball, 4MS)
|
Bottom of the 1st over - 0 run(s), 0 hit(s), 0 error(s), 0 left on base; Bellevue 0 - Myrtle Beach 0 |
TOP OF THE 2ND |
Bellevue Bruins batting - Pitching for Myrtle Beach Seahawks : LHP Gary Barber
|
Batting: RHB José Carlos Pérez
|
0-0: Swinging Strike 0-1: Called Strike 0-2: Ball 1-2: Ball 2-2: Foul Ball, location: 2F 2-2: Strikes out swinging
|
Batting: RHB Edgar González
|
0-0: Foul Ball, location: 2F 0-1: Ball 1-1: Ball 2-1: Foul Ball, location: 2F 2-2: Ball 3-2: Base on Balls
|
Batting: RHB Nick Hoskins
|
0-0: SINGLE (Groundball, 6MD) (infield hit) Edgar González to second
|
Batting: SHB Jesús Rodríguez
|
0-0: Called Strike 0-1: Ball 1-1: Ball 2-1: Foul Ball, location: 2F 2-2: SINGLE (Flyball, 89S) Edgar González to third Nick Hoskins to second Runner from 3rd tries for Home, SAFE, no throw or cutoff
|
Batting: RHB Mark Bishop
|
0-0: Ball Nick Hoskins is caught stealing 3rd base Jesús Rodríguez to second 1-0: SINGLE (Groundball, 5S) Jesús Rodríguez to third Runner from 3rd tries for Home, SAFE, no throw or cutoff
|
Batting: SHB Ramón García
|
0-0: Ball 1-0: Swinging Strike 1-1: Ball 2-1: Swinging Strike 2-2: Ball 3-2: Strikes out swinging
|
Top of the 2nd over - 2 run(s), 3 hit(s), 0 error(s), 1 left on base; Bellevue 2 - Myrtle Beach 0 |
BOTTOM OF THE 2ND |
Myrtle Beach Seahawks batting - Pitching for Bellevue Bruins : RHP Juan Guillén
|
Batting: RHB Rodrigo Lugo
|
0-0: Called Strike 0-1: Ball 1-1: Ground out 6-3 (Groundball, 6)
|
Batting: SHB Tony Martínez
|
0-0: Foul Ball, location: 2F 0-1: Ball 1-1: Foul Ball, location: 2F 1-2: Ball 2-2: Strikes out swinging
|
Batting: RHB Manuel Díaz
|
0-0: Called Strike 0-1: Ball 1-1: Foul Ball, location: 2F 1-2: Strikes out swinging
|
Bottom of the 2nd over - 0 run(s), 0 hit(s), 0 error(s), 0 left on base; Bellevue 2 - Myrtle Beach 0 |
TOP OF THE 3RD |
Bellevue Bruins batting - Pitching for Myrtle Beach Seahawks : LHP Gary Barber
|
Batting: LHB Orlando López
|
0-0: Ball 1-0: Foul Ball, location: 2F 1-1: Foul Ball, location: 2F 1-2: Foul Ball, location: 2F 1-2: Strikes out swinging
|
Batting: RHB Leo Shoemaker
|
0-0: Foul Ball, location: 2F 0-1: Called Strike 0-2: Foul Ball, location: 2F 0-2: Strikes out swinging
|
Batting: RHB Jesús Vargas
|
0-0: Ball 1-0: Foul Ball, location: 2F 1-1: Foul Ball, location: 2F 1-2: Strikes out swinging
|
Top of the 3rd over - 0 run(s), 0 hit(s), 0 error(s), 0 left on base; Bellevue 2 - Myrtle Beach 0 |
BOTTOM OF THE 3RD |
Myrtle Beach Seahawks batting - Pitching for Bellevue Bruins : RHP Juan Guillén
|
Batting: RHB Guillaume Colin
|
0-0: Ground out 6-3 (Groundball, 6)
|
Batting: RHB Roberto Escues
|
0-0: DOUBLE (Flyball, 89D)
|
Batting: RHB Jim Unknown
|
0-0: Ball 1-0: Called Strike 1-1: Reached on error, E4 (Groundball, 4) Roberto Escues to third
|
Batting: RHB Fernando Pérez
|
0-0: Ball 1-0: Called Strike 1-1: Foul Ball, location: 2F 1-2: Ball Jim Unknown is caught stealing 2nd base 2-2: Strikes out swinging
|
Bottom of the 3rd over - 0 run(s), 1 hit(s), 1 error(s), 1 left on base; Bellevue 2 - Myrtle Beach 0 |
TOP OF THE 4TH |
Bellevue Bruins batting - Pitching for Myrtle Beach Seahawks : LHP Gary Barber
|
Batting: RHB José Carlos Pérez
|
0-0: Ball 1-0: Ball 2-0: Ground out 6-3 (Groundball, 56)
|
Batting: RHB Edgar González
|
0-0: Called Strike 0-1: Called Strike 0-2: Foul Ball, location: 2F 0-2: Ball 1-2: Ground out 6-3 (Groundball, 6)
|
Batting: RHB Nick Hoskins
|
0-0: Ball 1-0: Ground out 1-3 (Groundball, 34S)
|
Top of the 4th over - 0 run(s), 0 hit(s), 0 error(s), 0 left on base; Bellevue 2 - Myrtle Beach 0 |
BOTTOM OF THE 4TH |
Myrtle Beach Seahawks batting - Pitching for Bellevue Bruins : RHP Juan Guillén
|
Batting: RHB José Sosa
|
0-0: Ground out 1-3 (Groundball, 15)
|
Batting: SHB Jorge Barrios
|
0-0: Ball 1-0: Called Strike 1-1: Called Strike 1-2: Strikes out swinging
|
Batting: RHB Rodrigo Lugo
|
0-0: Fly out, F3 (Popup, 3SF)
|
Bottom of the 4th over - 0 run(s), 0 hit(s), 0 error(s), 0 left on base; Bellevue 2 - Myrtle Beach 0 |
TOP OF THE 5TH |
Bellevue Bruins batting - Pitching for Myrtle Beach Seahawks : LHP Gary Barber
|
Batting: SHB Jesús Rodríguez
|
0-0: Foul Ball, location: 2F 0-1: Foul Ball, location: 2F 0-2: Ball 1-2: Strikes out swinging
|
Batting: RHB Mark Bishop
|
0-0: SINGLE (Flyball, 8LS)
|
Batting: SHB Ramón García
|
0-0: Foul Ball, location: 2F 0-1: Fly out, F9 (Flyball, 9M)
|
Batting: LHB Orlando López
|
0-0: Swinging Strike 0-1: Ball 1-1: Ball 2-1: Swinging Strike 2-2: Ball 3-2: Strikes out looking
|
Top of the 5th over - 0 run(s), 1 hit(s), 0 error(s), 1 left on base; Bellevue 2 - Myrtle Beach 0 |
BOTTOM OF THE 5TH |
Myrtle Beach Seahawks batting - Pitching for Bellevue Bruins : RHP Juan Guillén
|
Batting: SHB Tony Martínez
|
0-0: Ball 1-0: Swinging Strike 1-1: Foul Ball, location: 2F 1-2: Strikes out swinging
|
Batting: RHB Manuel Díaz
|
0-0: Called Strike 0-1: Foul Ball, location: 2F 0-2: Fly out, F7 (Line Drive, 7S)
|
Batting: RHB Guillaume Colin
|
0-0: Ball 1-0: Called Strike 1-1: Fly out, F8 (Flyball, 8RD)
|
Bottom of the 5th over - 0 run(s), 0 hit(s), 0 error(s), 0 left on base; Bellevue 2 - Myrtle Beach 0 |
TOP OF THE 6TH |
Bellevue Bruins batting - Pitching for Myrtle Beach Seahawks : LHP Gary Barber
|
Batting: RHB Leo Shoemaker
|
0-0: Ball 1-0: Called Strike 1-1: Foul Ball, location: 2F 1-2: Foul Ball, location: 2F 1-2: Strikes out swinging
|
Batting: RHB Jesús Vargas
|
0-0: Ball 1-0: Foul Ball, location: 2F 1-1: Swinging Strike 1-2: Foul Ball, location: 2F 1-2: Ball 2-2: Strikes out swinging
|
Batting: RHB José Carlos Pérez
|
0-0: Ball 1-0: Called Strike 1-1: Called Strike 1-2: SINGLE (Line Drive, 4M)
|
Batting: RHB Edgar González
|
0-0: Called Strike 0-1: Ball 1-1: SINGLE (Groundball, 5L) José Carlos Pérez to second
|
Batting: RHB Nick Hoskins
|
0-0: Foul Ball, location: 2F 0-1: Ground out 6-3 (Groundball, 6)
|
Top of the 6th over - 0 run(s), 2 hit(s), 0 error(s), 2 left on base; Bellevue 2 - Myrtle Beach 0 |
BOTTOM OF THE 6TH |
Myrtle Beach Seahawks batting - Pitching for Bellevue Bruins : RHP Juan Guillén
|
Batting: RHB Roberto Escues
|
0-0: Fly out, F9 (Flyball, 89S)
|
Batting: RHB Jim Unknown
|
0-0: Bunted foul 0-1: Ball 1-1: Foul Ball, location: 2F 1-2: SOLO HOME RUN (Flyball, 7D) (Inside the Park)
|
Batting: RHB Fernando Pérez
|
0-0: Ball 1-0: Foul Ball, location: 2F 1-1: Swinging Strike Single, Error in OF, E8, batter to second base
|
Batting: RHB José Sosa
|
0-0: SINGLE (Groundball, 56) Fernando Pérez to third Runner from 3rd tries for Home, SAFE, no throw or cutoff
|
Batting: SHB Jorge Barrios
|
0-0: Called Strike José Sosa is caught stealing 2nd base 0-1: Swinging Strike 0-2: Foul Ball, location: 2F 0-2: Strikes out swinging
|
Bottom of the 6th over - 2 run(s), 3 hit(s), 1 error(s), 0 left on base; Bellevue 2 - Myrtle Beach 2 |
TOP OF THE 7TH |
Bellevue Bruins batting - Pitching for Myrtle Beach Seahawks : LHP Gary Barber
|
Pinch Hitting: SHB Arsenio Sameiro
|
0-0: Fly out, F8 (Flyball, 8RD)
|
Pinch Hitting: RHB Jim Unknown
|
0-0: Called Strike 0-1: Ball 1-1: Ball 2-1: Swinging Strike 2-2: Ground out 5-3 (Groundball, 5S)
|
Pinch Hitting: RHB Jim Unknown
|
0-0: Called Strike 0-1: Swinging Strike 0-2: Foul Ball, location: 2F 0-2: Foul Ball, location: 2F 0-2: Ball 1-2: Ground out 3-1 (Groundball, 34S)
|
Top of the 7th over - 0 run(s), 0 hit(s), 0 error(s), 0 left on base; Bellevue 2 - Myrtle Beach 2 |
BOTTOM OF THE 7TH |
Myrtle Beach Seahawks batting - Pitching for Bellevue Bruins : RHP Juan Guillén
|
Now at 1B: Arsenio Sameiro
|
|
Now at 2B: Jim Unknown
|
|
Now at 3B: Luis Rodríguez
|
|
Batting: RHB Rodrigo Lugo
|
0-0: Ground out 6-3 (Groundball, 6)
|
Batting: SHB Tony Martínez
|
0-0: Ball 1-0: Ball 2-0: Foul Ball, location: 2F 2-1: Called Strike 2-2: SOLO HOME RUN (Flyball, 89XD), Distance : 452 ft
|
Batting: RHB Manuel Díaz
|
0-0: Swinging Strike 0-1: Ball 1-1: Swinging Strike 1-2: Foul Ball, location: 2F 1-2: Ball 2-2: Foul Ball, location: 2F 2-2: Ball 3-2: Strikes out swinging
|
Batting: RHB Guillaume Colin
|
0-0: Ball 1-0: Called Strike 1-1: Ball 2-1: Swinging Strike 2-2: Ball 3-2: Strikes out swinging
|
Bottom of the 7th over - 1 run(s), 1 hit(s), 0 error(s), 0 left on base; Bellevue 2 - Myrtle Beach 3 |
TOP OF THE 8TH |
Bellevue Bruins batting - Pitching for Myrtle Beach Seahawks : LHP Gary Barber
|
Batting: LHB Orlando López
|
0-0: Ball 1-0: Swinging Strike 1-1: Fly out, F7 (Flyball, 7LM)
|
Pitching: RHP Andrew Webster
|
|
Batting: RHB Leo Shoemaker
|
0-0: Ball 1-0: Called Strike 1-1: Foul Ball, location: 2F 1-2: Foul Ball, location: 2F 1-2: Ball 2-2: Ball 3-2: Fly out, F8 (Flyball, 8LM)
|
Batting: RHB Jesús Vargas
|
0-0: Called Strike 0-1: Ball 1-1: Foul Ball, location: 2F 1-2: Strikes out looking
|
Top of the 8th over - 0 run(s), 0 hit(s), 0 error(s), 0 left on base; Bellevue 2 - Myrtle Beach 3 |
BOTTOM OF THE 8TH |
Myrtle Beach Seahawks batting - Pitching for Bellevue Bruins : RHP Juan Guillén
|
Batting: RHB Roberto Escues
|
0-0: Called Strike 0-1: Foul Ball, location: 2F 0-2: Ball 1-2: Strikes out looking
|
Batting: RHB Jim Unknown
|
0-0: Ball 1-0: Fly out, F4 (Popup, 4M)
|
Batting: RHB Fernando Pérez
|
0-0: Ball 1-0: Ground out 6-3 (Groundball, 6)
|
Bottom of the 8th over - 0 run(s), 0 hit(s), 0 error(s), 0 left on base; Bellevue 2 - Myrtle Beach 3 |
TOP OF THE 9TH |
Bellevue Bruins batting - Pitching for Myrtle Beach Seahawks : RHP Andrew Webster
|
Pitching: RHP Dennis Dunn
|
|
Batting: RHB José Carlos Pérez
|
0-0: Called Strike 0-1: Foul Ball, location: 2F 0-2: Ball 1-2: SINGLE (Flyball, 89S)
|
Pinch Hitting: RHB Jim Unknown
|
0-0: Ball 1-0: Called Strike 1-1: Ball 2-1: Swinging Strike 2-2: Strikes out looking
|
Pinch Hitting: RHB Bert Motevassel
|
0-0: Called Strike 0-1: Ball 1-1: Swinging Strike 1-2: Ball 2-2: Ball 3-2: Grounds into double play, 4-6-3 (Groundball, 4)
|
Top of the 9th over - 0 run(s), 1 hit(s), 0 error(s), 0 left on base; Bellevue 2 - Myrtle Beach 3 |
|